 Dungeon Crawl Stone Soup version 0.20.1-1-g8b1a95d66d (webtiles) character file.

154 NullDivider the Charlatan (level 5, 0/34 HPs)
             Began as an Octopode Artificer on Dec 1, 2017.
             Was a Follower of Nemelex Xobeh.
             Slain by NullDivider's ghost (5 damage)
             ... on level 4 of the Dungeon.
             The game lasted 00:09:44 (4134 turns).

NullDivider the Charlatan (Octopode Artificer)      Turns: 4134, Time: 00:09:44

Health: 0/34       AC:  1    Str: 11    XL:     5   Next: 35%
Magic:  8/8        EV: 14    Int: 14    God:    Nemelex Xobeh [*.....]
Gold:   90         SH:  0    Dex: 13    Spells: 4/4 levels left

rFire    . . .     SeeInvis .   h - +0 dagger
rCold    . . .     Gourm    .   (no shield)
rNeg     + . .     Faith    .   (helmet restricted)
rPois    .         Spirit   .   (no amulet)
rElec    .         Reflect  .   t - ring of positive energy
rCorr    .         Harm     .   (no ring)
MR       .....                  (no ring)
Stlth    +++.......             (no ring)
Regen    0.2/turn               (no ring)
MPRegen  0.2/turn               (no ring)
                                (no ring)
                                (no ring)

@: no status effects
A: almost no armour, stealthy swim, amphibious, 8 rings, constrict 8, camouflage
1, gelatinous body 1
a: Renounce Religion


You were on level 4 of the Dungeon.
You worshipped Nemelex Xobeh.
Nemelex Xobeh was aware of your devotion.
You were not hungry.

You visited 1 branch of the dungeon, and saw 4 of its levels.

You collected 90 gold pieces.

Inventory:

Hand Weapons
 h - a +0 dagger (weapon)
Jewellery
 t - a ring of positive energy (left tentacle)
Wands
 b - a wand of flame (1/48)
 c - a wand of enslavement (12/24)
 d - a wand of random effects (15/48)
Scrolls
 a - 2 scrolls of amnesia {unknown}
 e - a scroll of fear {unknown}
 g - a scroll of blinking {unknown}
 n - 2 scrolls of identify {unknown}
 p - 2 scrolls of enchant armour {unknown}
 s - a scroll of remove curse {unknown}
Potions
 i - 2 potions of heal wounds {unknown}
 j - a potion of mutation {unknown}
 l - a potion of curing {unknown}
 m - a potion of resistance {unknown}
 u - a potion of agility {unknown}
Books
 q - a book of Changes

   Spells                             Type                      Level
   a - Beastly Appendage              Transmutation                1
   b - Sticks to Snakes               Transmutation                2
   c - Spider Form                    Transmutation/Poison         3
   d - Ice Form                       Ice/Transmutation            4
   e - Blade Hands                    Transmutation                5
 r - a book of Maledictions

   Spells                             Type                      Level
   a - Corona                         Hexes                        1
   b - Ensorcelled Hibernation        Hexes/Ice                    2
   c - Confuse                        Hexes                        3
   d - Tukima's Dance                 Hexes                        3
   e - Dazzling Spray                 Conjuration/Hexes            3
Miscellaneous
 o - a plain deck of summoning {drawn: 1}
Comestibles
 f - 3 bread rations
 k - 4 chunks of flesh
 v - a royal jelly


   Skills:
 + Level 2.0 Fighting
 + Level 2.3 Short Blades
 + Level 3.0 Dodging
 * Level 3.7 Stealth
 + Level 4.0 Evocations


You had 4 spell levels left.
You didn't know any spells.

Dungeon Overview and Level Annotations

Branches:
Dungeon (4/15)
 Temple: D:4-7

Altars:
Gozag
Nemelex Xobeh
Okawaru
Ru
Sif Muna

Annotations:
D:4 NullDivider's ghost, novice OpAr


Innate Abilities, Weirdness & Mutations

You cannot wear most types of armour.
You are very stealthy in the water. (Stealth+)
You are amphibious.
You can wear up to eight rings at the same time.
You can use your tentacles to constrict eight enemies at once.
Your skin changes colour to match your surroundings (Stealth+).
Your rubbery body absorbs attacks. (AC +1, EV +1)


Message History

NullDivider's ghost is severely damaged.
NullDivider's ghost closely misses you.
You barely miss NullDivider's ghost.
NullDivider's ghost is severely damaged.
NullDivider's ghost hits you!
* * * LOW HITPOINT WARNING * * *
Evoke which item? (* to show all) (? for menu, Esc to quit)
You draw a card...
It is the Pentagram.
NullDivider's ghost hits you but does no damage.
Your hell hound barely misses NullDivider's ghost.
You hit NullDivider's ghost. You squeeze NullDivider's ghost.
NullDivider's ghost is almost destroyed.
Your chaos spawn hits NullDivider's ghost.
NullDivider's ghost scowls.
Your hell hound closely misses NullDivider's ghost.
You closely miss NullDivider's ghost.
NullDivider's ghost is almost destroyed.
NullDivider's ghost hits you.
You die...
Your body disappears without a glow.

....######..........
..>................
##+######.................
........#.................
......[.#.................
........#.............#...
.......<+.............#..[
.......h#.............####
........#@............#
##hW.............#
#.4..............#
+................#
#.................
..............
#.............
#............ ##..........


You could see NullDivider's ghost, a friendly chaos spawn and a friendly hell
hound.

Vanquished Creatures
  A hound (D:4)
  3 adders
  A gnoll (D:3)
  An ooze (D:3)
  2 worms (D:2)
  2 leopard geckos
  2 ball pythons
  2 giant cockroaches
  6 goblins
  9 hobgoblins
  11 jackals
  10 kobolds
  2 quokkas
  5 bats
  4 frilled lizards
  10 rats
71 creatures vanquished.

Vanquished Creatures (others)
  3 gnolls (D:2)
3 creatures vanquished.

Grand Total: 74 creatures vanquished

Notes
Turn   | Place    | Note
-------+----------+-------------------------------------------
     0 | D:1      | NullDivider the Octopode Artificer began the quest for the Orb.
     0 | D:1      | Reached XP level 1. HP: 13/13 MP: 3/3
   219 | D:1      | Reached XP level 2. HP: 14/18 MP: 4/4
   798 | D:1      | Reached XP level 3. HP: 18/23 MP: 5/5
  1956 | D:2      | Found an iron altar of Okawaru.
  2087 | D:2      | Reached XP level 4. HP: 16/28 MP: 6/6
  2389 | D:2      | Found an opulent altar of Gozag.
  2389 | D:2      | Found a sparkling altar of Nemelex Xobeh.
  2403 | D:2      | Became a worshipper of Nemelex Xobeh the Trickster
  2450 | D:2      | Received a gift from Nemelex Xobeh
  3731 | D:3      | Found a faded altar of an unknown god.
  3760 | D:3      | Reached skill level 4 in Evocations
  3760 | D:3      | Reached XP level 5. HP: 34/34 MP: 6/8
  4026 | D:3      | Found a deep blue altar of Sif Muna.
  4060 | D:4      | Found a sacrificial altar of Ru.
  4112 | D:4      | Reached * piety under Nemelex Xobeh
  4114 | D:4      | Noticed NullDivider's ghost (novice OpAr)
  4134 | D:4      | Slain by NullDivider's ghost

Skill      XL: |  1  2  3  4  5 |
---------------+----------------+-----
Stealth        | 2 3 |  3.7
Short Blades   | 2 |  2.3
Evocations     | 4 |  4.0
Dodging        | 3 |  3.0
Fighting       | 2 |  2.0

Action                   |  1- 3 |  4- 6 || total
-------------------------+-------+-------++-------
Melee: Short sword       |    16 |       ||    16
       Constrict         |    23 |    21 ||    44
       Tentacles         |    18 |    10 ||    28
       Dagger            |    77 |    73 ||   150
Evoke: Wand              |       |    17 ||    17
       Deck              |       |     1 ||     1
 Stab: Sleeping          |     7 |    10 ||    17
  Eat: Chunk             |     3 |     5 ||     8
       Royal jelly       |       |     1 ||     1
Armor: Skin              |     8 |     6 ||    14
Dodge: Dodged            |    54 |    47 ||   101
